cohdb
Replays
Latest Replays
All Replays
Popular Replays
Top Player Replays
Match Explorer
How It Works
Community
CoH3 Stats
Reddit
Sign in to upload your games and track your stats! →
Sign in with Steam
Match 41228505
Unlisted
Match 41228505
Overview
Messages
Build Orders
End
Construct Infanterie Kompanie
Pioneer Squad
MG 42 Machine Gun Team
Selects Terror Battlegroup
Selects Machine Gun Camouflage
GrW 34 Mortar Team
Medical Bunker
Construct Luftwaffe Kompanie
Jäger Squad
Forward Retreat Point
Support Elements
Wirbelwind Flakpanzer
Jäger Squad
Marder III M Tank Destroyer
Jäger Squad
Wirbelwind Flakpanzer
Selects Defend the Fatherland
Defend the Fatherland
sarex
Apollo
遇花梦雨
无胡
^^
∞ | Darjeeling
BOP
Jd577
0
0
Comments
sign in to comment!
No comments posted yet!